 Dungeon Crawl Stone Soup version 0.30.1 (webtiles) character file.

Game seed: 14515598065913604414

756 Graphine the Ducker (level 7, -4/53 HPs)
             Began as a Merfolk Enchanter on July 6, 2023.
             Slain by an iguana (9 damage)
             ... on level 5 of the Dungeon.
             The game lasted 00:13:54 (4278 turns).

Graphine the Ducker (Merfolk Enchanter)             Turns: 4278, Time: 00:13:54

Health: -4/53      AC:  4    Str: 14    XL:     7   Next: 79%
Magic:  2/11       EV: 14    Int: 17    God:
Gold:   210        SH:  0    Dex: 14    Spells: 6/11 levels left

rFire   . . .        a - +1 dagger
rCold   . . .        (no shield)
rNeg    . . .        b - +1 robe
rPois   .            (no helmet)
rElec   .            (no cloak)
rCorr   .            x - +0 pair of gloves
SInv    .            (no boots)
Will    .....        (no amulet)
Stlth   +++          d - +6 ring of strength
HPRegen 0.28/turn    (no ring)
MPRegen 0.12/turn

%: no passive effects
@: invisible
A: (nimble swimmer 2), mertail
a: no special abilities


You were on level 5 of the Dungeon.
You visited 1 branch of the dungeon, and saw 5 of its levels.
You also visited: Sewer.

You collected 210 gold pieces.

Inventory:

Hand Weapons
 a - a +1 dagger (weapon)
 v - a +2 spear of venom
Missiles
 h - 2 curare-tipped darts (quivered)
Armour
 b - a +1 robe (worn)
 x - a +0 pair of gloves (worn)
Magical Staves
 j - a staff of conjuration
Jewellery
 d - a +6 ring of strength (left hand)
Wands
 s - a wand of polymorph (6)
 w - a wand of flame (10)
Scrolls
 e - a scroll of immolation
 k - 2 scrolls of identify
 l - 2 scrolls of fear
 m - a scroll of blinking
 t - 2 scrolls of enchant armour
Potions
 c - 2 potions of invisibility
 f - a potion of degeneration
 g - 3 potions of haste
 i - a potion of attraction
 n - a potion of berserk rage
 o - a potion of resistance
 p - a potion of might
 q - a potion of ambrosia
 r - 3 potions of heal wounds
 u - 2 potions of curing


   Skills:
 * Level 3.6 Fighting
 * Level 4.2 Short Blades
 * Level 5.2 Dodging
 + Level 4.3 Stealth
 + Level 2.8 Spellcasting
 + Level 4.1 Hexes
 * Level 3.6 Ice Magic


You had 6 spell levels left.
You knew the following spells:

 Your Spells              Type           Power      Damage    Failure   Level
a - Ensorcelled Hibernat  Hex/Ice        30%        N/A       5%          2
b - Confusing Touch       Hex            16%        N/A       10%         3

Your spell library contained the following spells:

 Spells                   Type           Power      Damage    Failure   Level
 Tukima's Dance           Hex            16%        N/A       10%         3
 Ozocubu's Armour         Ice            14%        N/A       12%         3
 Magic Dart               Conj           8%         1d3       19%         1
 Dazzling Flash           Conj/Hex       18%        N/A       22%         3
 Searing Ray              Conj           4%         2d4       26%         2
 Fulminant Prism          Conj/Hex       4%         3d5       58%         4
 Fireball                 Conj/Fire      1%         3d3       99%         5
 Iskenderun's Battlesphe  Conj           2%         2d6       99%         5
 Conjure Ball Lightning   Conj/Air       1%         3x3d6     100%        6
 Orb of Destruction       Conj           1%         9d5       100%        7
 Ozocubu's Refrigeration  Ice            7%         4d9       100%        7


Dungeon Overview and Level Annotations

Branches:
Dungeon (5/15)              Sewer (visited)
 Temple: D:4-7

Altars:
Elyvilon

Annotations:
D:5 Prince Ribbit


Innate Abilities, Weirdness & Mutations

((You are very nimble when in or above water. (Stealth+, EV+, Speed+++)))
Your lower body shifts to a powerful aquatic tail in water.


Message History

The orc priest is severely wounded.
The orc priest hits you with a +0 club.
* * * LOW HITPOINT WARNING * * *
You fade into invisibility!
The orc priest barely misses you.
You barely miss the orc priest.
The orc priest is severely wounded.
The orc priest closely misses you. The iguana barely misses you.
You hit the iguana but do no damage. The orc priest barely misses you.
The iguana bites you.
* * * LOW HITPOINT WARNING * * *
You hit the iguana.
The iguana is moderately wounded.
You hit the iguana but do no damage.
The iguana hisses angrily.
The iguana is moderately wounded.
The iguana closely misses you.
You hit the iguana but do no damage.
The iguana is moderately wounded.
The iguana completely misses you.
You hit the iguana.
The iguana is moderately wounded.
The iguana misses you.
You hit the iguana but do no damage.
The iguana is moderately wounded.
The orc priest looks braver for a moment.
You hit the iguana but do no damage.
The iguana is moderately wounded.
You hit the iguana.
The iguana is heavily wounded.
The iguana completely misses you.
You hit the iguana.
The iguana is heavily wounded.
The iguana misses you.
You hit the iguana.
The iguana is severely wounded.
The iguana bites you!
* * * LOW HITPOINT WARNING * * *
The iguana bites you!
You die...

### #.# ### #.# #.# #.# #.#
#.# #.# #.# #.# #.#
.#########.###.######.###
........##..............#
#...#.##..##..........#
+...'ool.....######...#
#...#)##@.##.######...###
### #....................
.o...........#.##..........
.o........................#
.####.#.##...#............#
#.#.................#.#
#.#.##...#....####..... #
#.###..#.... ....... ... ..
..#....#


You could see an iguana (unable to see you), an orc priest (unable to see you)
and an orc (unable to see you).

Vanquished Creatures
  A black bear (D:5)
  3 kobold brigands (Sewer)
  Blork the orc (D:5)
  A scorpion (D:4)
  A hound (D:5)
  An iguana (D:5)
  2 orc wizards (D:5)
  2 river rats (Sewer)
  9 adders
  5 worms
  6 dart slugs
  6 orcs
  10 endoplasms
  3 giant cockroaches
  7 goblins
  5 hobgoblins
  A jackal (D:1)
  12 kobolds
  4 quokkas
  10 ball pythons
  8 bats
  2 frilled lizards
  5 rats
105 creatures vanquished.

Notes
Turn   | Place    | Note
-------+----------+-------------------------------------------
     0 | D:1      | Graphine the Merfolk Enchanter began the quest for the Orb.
     0 | D:1      | Reached XP level 1. HP: 13/13 MP: 3/3
    75 | D:1      | Reached skill level 3 in Dodging
   150 | D:1      | Reached XP level 2. HP: 14/20 MP: 5/5
   206 | D:1      | Found a faded altar of an unknown god.
   236 | D:1      | Learned a level 2 spell: Ensorcelled Hibernation
   400 | D:1      | Reached skill level 1 in Ice Magic
   436 | D:1      | Reached XP level 3. HP: 25/25 MP: 3/6
   438 | D:1      | Reached skill level 1 in Fighting
   617 | D:1      | Learned a level 3 spell: Confusing Touch
  1308 | D:2      | Reached XP level 4. HP: 18/32 MP: 1/7
  2094 | D:3      | Found a glowing drain.
  2127 | Sewer    | Entered a sewer
  2146 | Sewer    | Reached XP level 5. HP: 38/38 MP: 5/8
  2173 | Sewer    | Noticed a kobold brigand
  2184 | Sewer    | Killed a kobold brigand
  2253 | Sewer    | Reached skill level 4 in Dodging
  2257 | Sewer    | Noticed a kobold brigand
  2270 | Sewer    | Killed a kobold brigand
  2271 | Sewer    | Reached XP level 6. HP: 31/46 MP: 4/9
  3437 | D:4      | Reached XP level 7. HP: 51/52 MP: 7/10
  3808 | D:4      | Found a white marble altar of Elyvilon.
  3982 | D:5      | Entered Level 5 of the Dungeon
  4026 | D:5      | Reached skill level 5 in Dodging
  4143 | D:5      | Noticed Prince Ribbit
  4236 | D:5      | Noticed Blork the orc
  4248 | D:5      | Killed Blork the orc
  4278 | D:5      | Slain by an iguana

Illustrated notes

Levels and vault maps discovered:
D:1:      dpeg_arrival_erosion, layout_basic, ebering_ecumenical_altar_rust,
          minmay_misc_feat_tower, st_stairs_11, serial_bayou_lagoon_a,
          nrook_loot_triangle, minmay_tromino_v4_c
D:2:      layout_loops_ring
D:3:      layout_basic, serial_corexii_hall, chequers_hall_statues_wall_a,
          corexii_hall_statues_deadend, cheibrodos_sewer_entry_sluice
D:4:      layout_rooms, mainiacjoe_overflow_alcove_2
D:5:      layout_basic, corner_web_ring, uniq_blork_the_orc, uniq_prince_ribbit1

Skill      XL: |  1  2  3  4  5  6  7 |
---------------+----------------------+-----
Dodging        | 3 4 5 |  5.2
Ice Magic      | 1 2 3 |  3.6
Fighting       | 1 2 3 |  3.6
Short Blades   | 2 3 4 |  4.2
Stealth        | 4 |  4.3
Hexes          | 4 |  4.1
Spellcasting   | |  2.8

Action                     |  1- 3 |  4- 6 |  7- 9 || total
---------------------------+-------+-------+-------++-------
  Melee: Dagger            |    92 |   189 |    85 ||   366
         Punch             |     1 |     4 |       ||     5
         Tailslap          |       |     7 |       ||     7
  Throw: Dart              |     2 |     4 |       ||     6
   Cast: Ensorcelled Hiber |    17 |    14 |    21 ||    52
         Confusing Touch   |       |     7 |     2 ||     9
    Use: Scroll            |     2 |    13 |     3 ||    18
         Potion            |       |     1 |     1 ||     2
   Stab: Sleeping          |    17 |    20 |    14 ||    51
         Invisible         |       |     1 |       ||     1
         Confused          |       |     5 |       ||     5
 Armour: Robe              |    19 |    43 |     5 ||    67
  Dodge: Dodged            |    55 |   109 |    43 ||   207
